 Dungeon Crawl Stone Soup version 0.20.0-7-g3b7b877 (webtiles) character file.

15307 Hasart the Thaumaturge (level 12, 0/78 HPs)
             Began as a Mummy Wizard on May 29, 2017.
             Was an Initiate of Gozag.
             Slain by Donald
             ... wielding a +1 double sword of holy wrath
              (36 damage)
             ... on level 1 of the Orcish Mines.
             The game lasted 01:23:20 (22974 turns).

Hasart the Thaumaturge (Mummy Wizard)              Turns: 22974, Time: 01:23:20

Health: 0/78       AC: 11    Str:  7    XL:     12   Next: 0%
Magic:  23/29      EV: 18    Int: 26    God:    Gozag
Gold:   242        SH: 13    Dex: 11    Spells: 19/37 levels left

rFire    . . .     SeeInvis +   s - +2 trident (pierce)
rCold    + + .     Gourm    .   x - +3 warlock's mirror {reflect}
rNeg     + + +     Faith    .   D - +3 robe "Zosa" {Str-3 Int+4 SInv}
rPois    ∞         Spirit   .   k - +1 helmet
rElec    .         Reflect  +   d - scarf {rC+ rF+}
rCorr    .         Harm     .   n - +2 pair of gloves
MR       +....                  l - +0 pair of boots
Stlth    +++.......             q - +5 amulet of reflection
Regen    0.3/turn               y - ring of stealth
MPRegen  0.3/turn               o - +6 ring of evasion

@: swift, quick
A: no food or potions, fire vulnerability, cold resistance 1, negative energy
resistance 3, torment resistance, unbreathing
a: Potion Petition, Call Merchant, Bribe Branch, Renounce Religion


You were on level 1 of the Orcish Mines.
You worshipped Gozag.
Gozag was aware of your devotion.
You were not hungry.

You visited 3 branches of the dungeon, and saw 14 of its levels.

You collected 3468 gold pieces.
You spent 1883 gold pieces at shops.
You paid 1343 gold pieces to Gozag.

Inventory:

Hand Weapons
 j - a +3 dagger
 s - a +2 trident of piercing (weapon)
Armour
 d - a scarf of resistance (worn)
 g - the +1 cloak of Usajo {Str+5 Int+2}
   (You acquired it on level 10 of the Dungeon)

   It affects your strength (+5).
   It affects your intelligence (+2).
 k - a +1 helmet (worn)
 l - a +0 pair of boots (worn)
 n - a +2 pair of gloves (worn)
 x - the +3 warlock's mirror (worn) {reflect}
   (You bought it in a shop on level 7 of the Dungeon)
 D - the +3 robe "Zosa" (worn) {Str-3 Int+4 SInv}
   (You bought it in a shop on level 10 of the Dungeon)

   It affects your strength (-3).
   It affects your intelligence (+4).
   It lets you see invisible.
Jewellery
 h - an uncursed amulet of regeneration
 o - a +6 ring of evasion (right hand)
 q - a +5 amulet of reflection (around neck)
 t - a +2 ring of strength
 u - an uncursed ring of protection from cold
 y - a ring of stealth (left hand)
Wands
 p - a wand of polymorph (9/24)
Scrolls
 b - 4 scrolls of identify
 e - 5 scrolls of teleportation
 f - 4 scrolls of remove curse
 i - 4 scrolls of amnesia
 z - 3 scrolls of recharging
 C - a scroll of summoning {unknown}
Books
 c - a book of Minor Magic

   Spells                             Type                      Level
   a - Magic Dart                     Conjuration                  1
   b - Blink                          Translocation                2
   c - Call Imp                       Summoning                    2
   d - Slow                           Hexes                        2
   e - Conjure Flame                  Conjuration/Fire             3
   f - Mephitic Cloud                 Conjuration/Poison/Air       3
 r - a book of Air

   Spells                             Type                      Level
   a - Shock                          Conjuration/Air              1
   b - Swiftness                      Charms/Air                   2
   c - Static Discharge               Conjuration/Air              3
   d - Airstrike                      Air                          4
   e - Lightning Bolt                 Conjuration/Air              5
 E - a book of the Sky

   Spells                             Type                      Level
   a - Summon Lightning Spire         Summoning/Air                4
   b - Silence                        Hexes/Air                    5
   c - Deflect Missiles               Charms/Air                   6
   d - Conjure Ball Lightning         Conjuration/Air              6
   e - Tornado                        Air                          9
Miscellaneous
 v - a box of beasts


   Skills:
 - Level 2.0 Fighting
 - Level 3.0 Short Blades
 + Level 1.9 Polearms
 - Level 1.5 Dodging
 - Level 4.0 Stealth
 - Level 5.5 Shields
 + Level 13.0 Spellcasting
 - Level 5.6 Conjurations
 - Level 3.0 Summonings
 - Level 2.4 Translocations
 * Level 8.6 Air Magic
 - Level 2.4 Poison Magic


You had 19 spell levels left.
You knew the following spells:

 Your Spells              Type           Power        Failure   Level  Hunger
a - Magic Dart            Conj           ####         1%          1    N/A
b - Call Imp              Summ           ####....     1%          2    N/A
c - Mephitic Cloud        Conj/Pois/Air  #####...     1%          3    N/A
d - Blink                 Tloc           N/A          1%          2    N/A
e - Swiftness             Chrm/Air       #####...     1%          2    N/A
f - Airstrike             Air            ######....   1%          4    N/A
z - Summon Lightning Spi  Summ/Air       #####...     3%          4    N/A

Dungeon Overview and Level Annotations

Branches:
Dungeon (11/15)            Temple (0/1) D:5            Lair (1/6) D:10
    Orc (2/2) D:10
    Elf: Orc:2

Altars:
Cheibriados
Fedhas
Gozag
Hepliaklqana
Trog
Zin

Shops:
D:3 *   D:7 [   D:9 :!   D:10 [

Annotations:
D:4 xgamer67's ghost, amateur DgAE
D:9 Hasart's ghost, novice DrCj
Orc:1 Donald


Innate Abilities, Weirdness & Mutations

You do not eat or drink.
Your flesh is vulnerable to fire.
You are immune to poison.
Your flesh is cold resistant. (rC+)
You are immune to negative energy. (rN+++)
You are immune to unholy pain and torment.
You can survive without breathing.


Message History

Your lightning spire shoots out a bolt of lightning at Donald!
The bolt of electricity hits Donald.
Your lightning spire shoots out a bolt of lightning at Donald!
The bolt of electricity hits Donald.
Casting: Summon Lightning Spire
Confirm with . or Enter, or press ? or * to list all spells.
You feel quick.
Donald says, "At least there's gold.
That doesn't make up for it."
Donald says, "So the shops here weren't enough for you?"
Donald says, "What do they mine anyway?
I've never seen them mine anything."
Donald hits you but does no damage.
Donald hits you with a double sword of holy wrath!!
You convulse!!
Things that are here:
a dire flail; a giant club
Things that are here:
a dire flail; a giant club Donald hits you with a double sword of holy wrath!!!
You die...
Your body crumbles into a pile of gold.

#### ##### $ #..## ##...##
##...### #.....# $ #.#..#.##
#.....#
####.......###.....####
#..........#....#.....##
###.............##.8...[##
#.....#..........##......##
##.....#.##....@.###...)...#
#.........#....@###....[>.##
##..^........#)).......####
##........#.......[...#
#........##.#..#.).)..#
##........######[.[.)##
####....## #...(..### ##..##
##...)...## ##..##
##..(.....#


You could see Donald.

Vanquished Creatures
  2 two-headed ogres
  Urug (D:10)
  Maurice (D:8)
  Joseph (D:7)
  2 centaur skeletons
  Prince Ribbit (D:6)
  Grinder (D:6)
  A hippogriff (D:9)
  A spriggan (D:8)
  A wyvern (D:11)
  10 yaks
  A wraith (D:10)
  A basilisk (Lair:1)
  2 hungry ghosts
  A warg (Orc:1)
  2 water moccasins
  A two-headed ogre zombie (D:10)
  Edmund (D:5)
  Duvessa (D:5)
  13 orc warriors
  6 porcupines
  2 ice beasts
  2 sky beasts
  9 ogres
  3 wolves (Lair:1)
  3 centaurs
  8 crocodiles
  3 bullfrogs
  Dowan (D:5)
  A gnoll sergeant (D:8)
  A wyvern zombie (D:6)
  2 scorpions
  8 wights
  5 killer bees (D:7)
  5 howler monkeys
  5 crimson imps
  2 quasits
  15 orc priests
  4 hounds
  2 jellies
  Crazy Yiuf (D:6)
  18 orc wizards
  Jessica (D:3)
  An iguana (D:6)
  Ijyb (D:5)
  5 worker ants
  A killer bee zombie (D:8)
  7 ogre zombies (D:10)
  A hound zombie (D:8)
  3 hound skeletons
  9 adders
  12 gnolls
  A river rat (D:3)
  3 shadow imps
  A white imp (D:6)
  An ooze (D:4)
  2 adder skeletons
  3 adder zombies
  4 worms
  6 leopard geckos
  41 orcs
  2 ball pythons
  9 giant cockroaches
  20 goblins
  7 hobgoblins
  11 jackals
  15 kobolds
  7 bats
  3 frilled lizards
  2 goblin skeletons (D:10)
  A goblin zombie (D:10)
  3 hobgoblin skeletons (D:10)
  3 hobgoblin zombies (D:10)
  An orc skeleton (D:10)
  15 orc zombies (D:10)
  2 quokka skeletons (D:5)
  10 rats
365 creatures vanquished.

Vanquished Creatures (collateral kills)
  2 two-headed ogres
  A cyclops (Orc:1)
  A spiny frog (Lair:1)
  A komodo dragon (D:11)
  2 hippogriffs (D:11)
  A warg (Orc:1)
  Menkaure (D:5)
  A black bear (D:11)
  An orc warrior (Orc:1)
  A centaur (D:6)
  2 bullfrogs (D:11)
  A wight (D:8)
  2 centaur zombies
  A hound (D:8)
  An orc priest (D:3)
  Robin (D:2)
  4 gnolls (D:3)
  An orc (D:2)
  2 goblins (D:2)
  A hobgoblin (D:2)
28 creatures vanquished.

Vanquished Creatures (others)
  An orc (D:9)
  2 bushes (D:10)
  5 fungi (D:10)
  16 plants (D:10)
24 creatures vanquished.

Grand Total: 417 creatures vanquished

Notes
Turn   | Place    | Note
-------+----------+-------------------------------------------
     0 | D:1      | Hasart the Mummy Wizard began the quest for the Orb.
     0 | D:1      | Reached XP level 1. HP: 13/13 MP: 5/5
   161 | D:1      | Reached skill level 1 in Conjurations
   541 | D:1      | Reached XP level 2. HP: 20/20 MP: 2/7
   833 | D:1      | Reached skill level 1 in Fighting
  1041 | D:1      | Reached XP level 3. HP: 21/26 MP: 6/9
  1053 | D:1      | Learned a level 2 spell: Call Imp
  1064 | D:1      | Learned a level 2 spell: Blink
  1068 | D:1      | Learned a level 3 spell: Mephitic Cloud
  1463 | D:2      | Noticed Robin
  2130 | D:2      | Reached skill level 5 in Spellcasting
  2138 | D:2      | Killed Robin
  2138 | D:2      | Reached skill level 1 in Translocations
  2142 | D:2      | Reached skill level 1 in Summonings
  2389 | D:2      | Reached XP level 4. HP: 32/32 MP: 4/11
  3760 | D:3      | Found Gozag's Platinum Reserve.
  3760 | D:3      | Found an opulent altar of Gozag.
  3774 | D:3      | Became a worshipper of Gozag Ym Sagoz the Greedy
  3974 | D:3      | Reached XP level 5. HP: 16/37 MP: 3/12
  4308 | D:3      | Reached skill level 1 in Air Magic
  4865 | D:3      | Reached skill level 1 in Poison Magic
  4983 | D:3      | Noticed Jessica
  4993 | D:3      | Killed Jessica
  5360 | D:4      | Reached XP level 6. HP: 40/44 MP: 9/14
  5701 | D:4      | Noticed xgamer67's ghost (amateur DgAE)
  6188 | D:4      | Found a blossoming altar of Fedhas.
  6716 | D:5      | Entered Level 5 of the Dungeon
  6722 | D:5      | Found a staircase to the Ecumenical Temple.
  6725 | D:5      | Noticed a sky beast
  6732 | D:5      | Noticed Edmund
  6736 | D:5      | Killed a sky beast
  6772 | D:5      | Killed Edmund
  6772 | D:5      | Reached skill level 6 in Spellcasting
  6941 | D:5      | Noticed Menkaure
  6963 | D:5      | Killed Menkaure
  6963 | D:5      | Reached XP level 7. HP: 30/50 MP: 8/16
  7311 | D:5      | Noticed Ijyb
  7527 | D:5      | Killed Ijyb
  7584 | D:5      | Noticed Duvessa
  7603 | D:5      | Noticed Dowan
  7616 | D:5      | Killed Duvessa
  7616 | D:5      | Reached skill level 1 in Short Blades
  7622 | D:5      | Killed Dowan
  7646 | D:5      | Reached skill level 7 in Spellcasting
  7852 | D:5      | Reached XP level 8. HP: 56/56 MP: 14/18
  9217 | D:6      | Reached skill level 8 in Spellcasting
  9401 | D:6      | Noticed Prince Ribbit
  9411 | D:6      | Killed Prince Ribbit
  9437 | D:6      | Noticed Grinder
  9698 | D:6      | Paralysed by Grinder for 3 turns
  9708 | D:6      | Killed Grinder
  9708 | D:6      | Reached XP level 9. HP: 45/61 MP: 10/21
  9750 | D:6      | Reached skill level 9 in Spellcasting
  9858 | D:6      | Found a hazy altar of Hepliaklqana.
  9912 | D:6      | Learned a level 2 spell: Swiftness
 10510 | D:6      | Found a runed door.
 10514 | D:6      | Noticed Crazy Yiuf
 10523 | D:6      | Killed Crazy Yiuf
 10885 | D:7      | Noticed Joseph
 10953 | D:7      | Killed Joseph
 10953 | D:7      | Reached skill level 10 in Spellcasting
 11612 | D:7      | Bought the +3 warlock's mirror {reflect} for 480 gold pieces
 11710 | D:7      | Reached skill level 1 in Shields
 12287 | D:8      | Found a glowing silver altar of Zin.
 12289 | D:8      | Found a snail-covered altar of Cheibriados.
 12358 | D:8      | Reached XP level 10. HP: 67/67 MP: 24/24
 12464 | D:8      | Noticed Maurice
 12525 | D:8      | Killed Maurice
 13679 | D:8      | Reached skill level 5 in Shields
 14125 | D:9      | Noticed a two-headed ogre
 14305 | D:8      | Learned a level 4 spell: Airstrike
 14425 | D:9      | Found Binnemab's Distillery.
 14471 | D:9      | Killed a two-headed ogre
 14471 | D:9      | Reached skill level 5 in Conjurations
 15018 | D:9      | Noticed Hasart's ghost (novice DrCj)
 15377 | D:9      | Reached skill level 11 in Spellcasting
 15377 | D:9      | Reached skill level 5 in Air Magic
 15409 | D:10     | Entered Level 10 of the Dungeon
 15551 | D:8      | Found a blossoming altar of Fedhas.
 15611 | D:9      | Noticed a two-headed ogre
 15785 | D:9      | Killed a two-headed ogre
 16415 | D:10     | Identified a scroll of acquirement
 16416 | D:10     | Got a slimy cloak
 16427 | D:10     | Identified the +1 cloak of Usajo {Str+5 Int+2} (You acquired it on level 10 of the Dungeon)
 16498 | D:10     | Found a staircase to the Orcish Mines.
 16744 | D:10     | Reached XP level 11. HP: 59/72 MP: 10/26
 17411 | D:9      | Found a bloodstained altar of Trog.
 18348 | D:10     | Reached skill level 12 in Spellcasting
 18631 | D:10     | Noticed Urug
 18756 | D:10     | Killed Urug
 18910 | D:10     | Found a staircase to the Lair.
 19308 | D:10     | Found Nexkuhiy's Armour Shoppe.
 19319 | D:10     | Bought the +3 robe "Zosa" {Str-3 Int+4 SInv} for 493 gold pieces
 19631 | Lair:1   | Entered Level 1 of the Lair of Beasts
 20415 | Orc:1    | Entered Level 1 of the Orcish Mines
 21361 | D:9      | Bought a book of the Sky for 910 gold pieces
 21373 | D:9      | Learned a level 4 spell: Summon Lightning Spire
 21408 | D:11     | Noticed a two-headed ogre
 21423 | D:11     | Reached skill level 1 in Polearms
 21427 | D:11     | Killed a two-headed ogre
 21443 | D:11     | Noticed a purple ugly thing
 21443 | D:11     | Noticed a tengu warrior
 21680 | Orc:1    | Noticed a two-headed ogre
 21681 | Orc:1    | Killed a two-headed ogre
 21740 | Orc:2    | Entered Level 2 of the Orcish Mines
 22336 | Orc:2    | Reached skill level 13 in Spellcasting
 22343 | Orc:2    | Noticed Donald
 22353 | Orc:1    | Reached XP level 12. HP: 78/78 MP: 4/29
 22974 | Orc:1    | Slain by Donald

Skill      XL: |  1  2  3  4  5  6  7  8  9 10 11 |
---------------+----------------------------------+-----
Conjurations   | 1 2 4 5 |  5.6
Fighting       | 1 2 |  2.0
Spellcasting   | 5 6 7 8 10 11 13 | 13.0
Translocations | 1 2 |  2.4
Summonings     | 1 2 3 |  3.0
Air Magic      | 1 2 4 5 8 |  8.6
Poison Magic   | 1 2 |  2.4
Short Blades   | 1 2 3 |  3.0
Stealth        | 3 4 |  4.0
Shields        | 2 5 |  5.5
Polearms       | 1 |  1.9
Dodging        | |  1.5

Action                   |  1- 3 |  4- 6 |  7- 9 | 10-12 || total
-------------------------+-------+-------+-------+-------++-------
Melee: Short sword       |    79 |       |       |       ||    79
       Unarmed           |     5 |       |       |       ||     5
       Dagger            |     7 |   154 |   343 |   781 ||  1285
       Spear             |       |     1 |       |       ||     1
       Trident           |       |       |       |   140 ||   140
 Cast: Magic Dart        |    82 |   104 |   210 |   545 ||   941
       Call Imp          |     1 |    39 |    17 |    27 ||    84
       Mephitic Cloud    |       |     7 |    44 |    96 ||   147
       Airstrike         |       |       |       |    25 ||    25
       Swiftness         |       |       |       |     4 ||     4
       Summon Lightning  |       |       |       |     8 ||     8
Invok: Call Merchant     |       |       |     1 |     1 ||     2
       Potion Petition   |       |       |       |     1 ||     1
  Use: Scroll            |       |     5 |     4 |     4 ||    13
 Stab: Sleeping          |     3 |     2 |     4 |     4 ||    13
       Confused          |       |     5 |    25 |    54 ||    84
       Petrified         |       |       |       |     4 ||     4
       Distracted        |       |       |       |     1 ||     1
Armor: Robe              |    14 |    35 |    47 |   109 ||   205
Dodge: Dodged            |    75 |   112 |   218 |   431 ||   836
Block: Buckler           |       |       |     2 |   540 ||   542
       Reflection        |       |       |       |    28 ||    28
